 Dungeon Crawl Stone Soup version 0.21.0-3-g78d12a8 (webtiles) character file.

3774 komo4ek the Transmogrifier (level 10, -4/68 HPs)
             Began as an Octopode Transmuter on Jan 11, 2018.
             Was a Follower of Cheibriados.
             Slain by a warg (15 damage)
             ... on level 8 of the Dungeon.
             The game lasted 00:33:07 (10630 turns).

komo4ek the Transmogrifier (Octopode Transmuter)   Turns: 10630, Time: 00:33:07

Health: -4/68      AC:  2    Str: 17    XL:     10   Next: 16%
Magic:  15/18      EV: 28    Int: 17    God:    Cheibriados [*.....]
Gold:   358        SH:  6    Dex: 27    Spells: 9/20 levels left

rFire    . . .     SeeInvis +     - Unarmed
rCold    . . .     Gourm    .   (shield currently unavailable)
rNeg     . . .     Faith    .   (helmet currently unavailable)
rPois    x         Spirit   .   F - +6 amulet of reflection
rElec    .         Reflect  +   w - ring of teleportation (curse)
rCorr    .         Harm     .   D - +6 ring of strength
MR       .....     Rnd*Tele +   e - ring of see invisible
Stlth    ++........             I - +3 ring of dexterity
HPRegen  0.21/turn              (no ring)
MPRegen  0.16/turn              (no ring)
                                (no ring)
                                (no ring)

@: about to teleport, spider-form, very slow
A: tiny, almost no armour, stealthy swim, (amphibious), 8 rings, (constrict 8)
a: End Transformation, Bend Time, Renounce Religion


You were on level 8 of the Dungeon.
You worshipped Cheibriados.
Cheibriados was aware of your devotion.
You were not hungry.
You were a venomous arachnid creature.
You visited 2 branches of the dungeon, and saw 9 of its levels.
You also visited: Sewer.

You collected 358 gold pieces.

Inventory:

Hand Weapons
 i - a +0 spear
 k - a +2 halberd of chopping (melded)
 o - a +0 blowgun
Missiles
 a - 36 arrows
 p - 79 poisoned needles
Magical Staves
 v - an uncursed staff of poison
Jewellery
 e - a ring of see invisible (on tentacle)
 s - an uncursed amulet of regeneration
 w - a cursed ring of teleportation (left front leg)
 D - a +6 ring of strength (right front leg)
 F - a +6 amulet of reflection (around neck)
 G - an uncursed amulet of guardian spirit
 I - a +3 ring of dexterity (on tentacle)
Wands
 J - a wand of flame (92)
Scrolls
 f - 6 scrolls of teleportation
 g - 2 scrolls of amnesia {unknown}
 j - 4 scrolls of identify {unknown}
 n - a scroll of magic mapping {unknown}
 r - a scroll of fog
 t - a scroll of enchant weapon {unknown}
 u - a scroll of random uselessness {unknown}
 y - a scroll of noise {unknown}
 z - a scroll of vulnerability {unknown}
 H - 2 scrolls of remove curse {unknown}
 K - a scroll of immolation {unknown}
 M - a scroll of blinking {unknown}
 O - a scroll of fear {unknown}
Potions
 d - a potion of brilliance {unknown}
 h - 7 potions of degeneration
 l - 3 potions of resistance {unknown}
 m - a potion of flight
 q - a potion of ambrosia
 A - a potion of magic {unknown}
 B - a potion of haste {unknown}
 C - a potion of agility {unknown}
 E - a potion of berserk rage {unknown}
 L - 3 potions of mutation {unknown}
Books
 b - a book of Changes

   Spells                             Type                      Level
   a - Beastly Appendage              Transmutation                1
   b - Sticks to Snakes               Transmutation                2
   c - Spider Form                    Transmutation/Poison         3
   d - Ice Form                       Ice/Transmutation            4
   e - Blade Hands                    Transmutation                5
 x - a book of the Dragon

   Spells                             Type                      Level
   a - Flame Tongue                   Conjuration/Fire             1
   b - Cause Fear                     Hexes                        4
   c - Bolt of Fire                   Conjuration/Fire             6
   d - Dragon Form                    Transmutation                7
   e - Dragon's Call                  Summoning                    9
Comestibles
 c - 9 rations


   Skills:
 + Level 5.8 Fighting
 * Level 6.2 Dodging
 + Level 6.5 Unarmed Combat
 + Level 5.6 Spellcasting
 + Level 8.5 Transmutations


You had 9 spell levels left.
You knew the following spells:

 Your Spells              Type           Power        Failure   Level  Hunger
a - Beastly Appendage     Tmut           ####..       3%          1    None
b - Sticks to Snakes      Tmut           ####....     4%          2    #......
c - Spider Form           Tmut/Pois      ###.......   19%         3    ##.....
d - Blade Hands           Tmut           ####......   26%         5    ######.


Dungeon Overview and Level Annotations

Branches:
Dungeon (8/15)             Temple (1/1) D:5
   Lair: D:8-11

Altars:
Ashenzari
Cheibriados
Dithmenos
Elyvilon
Fedhas
Gozag
Hepliaklqana
Kikubaaqudgha
Makhleb
Nemelex Xobeh
Sif Muna
Trog
Vehumet
Xom
Yredelemnul
Zin
The Shining One

Annotations:
D:3 Tovarisch's ghost, amateur DrFE


Innate Abilities, Weirdness & Mutations

You cannot wear most types of armour.
You are very stealthy in the water. (Stealth+)
((You are amphibious.))
You can wear up to eight rings at the same time.
((You can use your tentacles to constrict eight enemies at once.))
((Your skin changes colour to match your surroundings (Stealth+).))
((Your rubbery body absorbs attacks. (AC +1, EV +1)))


Message History

Your transformation has ended.
Your +2 halberd of chopping unmelds from your body.
You start resting.
A warg comes into view.
The warg howls!
What are your orders? t - Shout!
Orders for allies: a - Attack new target. r - Retreat! s - Stop attacking. g - Guard the area. f - Follow me.
Anything else - Cancel.
Okay, then.
As you read the scroll of teleportation, it crumbles to dust.
You feel strangely unstable.
Casting: Spider Form
Confirm with . or Enter, or press ? or * to list all spells.
You turn into a venomous arachnid creature.
Your +2 halberd of chopping melds into your body.
The warg bites you!
You die...

... #.. ... #.# #.# #.# #. #
##.########..###
#..))..hs....... .#
#..########..### .# o
#.)########..### .# ...
####.)))..........###.#
.o...#..o.###.........†....#
.oo.......# #..............#
....##...## #..####..##....#
o ##.## #...#.#+###....# #.#
#..##.....##...#


You could see a warg.

Vanquished Creatures
  A two-headed ogre (D:8)
  Prince Ribbit (D:7)
  Eustachio (D:5)
  A warg (D:8)
  An orc warrior (D:8)
  An ice beast (D:4)
  2 sky beasts
  2 phantoms (D:7)
  An ogre (D:5)
  2 centaurs
  3 big kobolds
  2 bullfrogs (D:7)
  2 scorpions
  4 killer bees (D:7)
  A howler monkey (D:6)
  2 crimson imps
  A quasit (D:8)
  4 hounds (D:4)
  A centaur zombie (D:6)
  2 jellies
  5 orc wizards
  7 orc priests
  A bullfrog skeleton (D:4)
  A gnoll shaman (D:6)
  An iguana (D:6)
  A centaur skeleton (D:5)
  4 worker ants
  A hound skeleton (D:4)
  A howler monkey zombie (D:5)
  17 gnolls
  17 adders
  3 shadow imps
  An ooze (D:5)
  An adder zombie (D:6)
  An adder skeleton (D:6)
  4 worms
  A dart slug (D:2)
  A leopard gecko (D:3)
  39 orcs
  6 giant cockroaches
  6 goblins
  3 hobgoblins
  27 kobolds
  2 quokkas
  A ball python (Sewer)
  7 bats
  14 frilled lizards
  2 gnoll zombies (D:6)
  A goblin skeleton (D:8)
  2 goblin zombies (D:8)
  A hobgoblin zombie (D:8)
  A kobold zombie (D:8)
  A leopard gecko zombie (D:7)
  An orc skeleton (D:8)
  2 orc zombies (D:8)
  9 rats
  5 plants (D:7)
233 creatures vanquished.

Vanquished Creatures (others)
  A kobold (D:7)
1 creature vanquished.

Grand Total: 234 creatures vanquished

Notes
Turn   | Place    | Note
-------+----------+-------------------------------------------
     0 | D:1      | komo4ek the Octopode Transmuter began the quest for the Orb.
     0 | D:1      | Reached XP level 1. HP: 13/13 MP: 3/3
   420 | D:1      | Reached XP level 2. HP: 16/18 MP: 3/5
  1050 | D:2      | Reached XP level 3. HP: 21/23 MP: 4/6
  1371 | D:2      | Reached skill level 3 in Transmutations
  1371 | D:2      | Reached XP level 4. HP: 25/29 MP: 5/7
  1495 | D:2      | Found a hazy altar of Hepliaklqana.
  2838 | D:2      | Reached XP level 5. HP: 14/34 MP: 8/8
  3405 | D:3      | Noticed Tovarisch's ghost (amateur DrFE)
  3418 | D:3      | Found a shadowy altar of Dithmenos.
  3527 | D:3      | Found a shadowy altar of Dithmenos.
  3976 | D:3      | Reached XP level 6. HP: 38/39 MP: 8/10
  3978 | D:3      | Reached skill level 4 in Transmutations
  3988 | D:3      | Learned a level 2 spell: Sticks to Snakes
  3992 | D:3      | Learned a level 3 spell: Spider Form
  4827 | D:4      | Noticed a phantom
  4905 | D:4      | Reached XP level 7. HP: 45/45 MP: 9/11
  5057 | D:4      | Found a glowing drain.
  5061 | Sewer    | Entered a sewer
  5425 | D:4      | Found a shattered altar of Ashenzari.
  5949 | D:5      | Entered Level 5 of the Dungeon
  5967 | D:4      | Reached skill level 5 in Transmutations
  6141 | D:5      | Noticed Eustachio
  6144 | D:5      | Reached XP level 8. HP: 51/52 MP: 11/13
  6148 | D:5      | Killed Eustachio
  6254 | D:5      | Reached skill level 6 in Transmutations
  6443 | D:5      | Found a staircase to the Ecumenical Temple.
  6450 | Temple   | Entered the Ecumenical Temple
  7067 | D:5      | Reached skill level 5 in Unarmed Combat
  7989 | D:6      | Found a basalt altar of Yredelemnul.
  8181 | D:6      | Reached XP level 9. HP: 39/59 MP: 15/15
  8828 | D:7      | Reached skill level 7 in Transmutations
  8850 | D:7      | Reached skill level 5 in Dodging
  8859 | D:7      | Learned a level 5 spell: Blade Hands
  8899 | D:7      | Found a sparkling altar of Nemelex Xobeh.
  9189 | D:7      | Found a radiant altar of Vehumet.
  9201 | D:7      | Noticed Prince Ribbit
  9220 | D:7      | Killed Prince Ribbit
  9220 | D:7      | Reached skill level 5 in Fighting
  9337 | D:7      | Reached skill level 5 in Spellcasting
  9768 | D:7      | Found a snail-covered altar of Cheibriados.
  9769 | D:7      | Found an opulent altar of Gozag.
  9776 | D:7      | Became a worshipper of Cheibriados the Contemplative
  9988 | D:8      | Found a burning altar of Makhleb.
  9991 | D:8      | Found a glowing golden altar of the Shining One.
 10162 | D:8      | Noticed a two-headed ogre
 10178 | D:8      | Killed a two-headed ogre
 10178 | D:8      | Reached skill level 8 in Transmutations
 10178 | D:8      | Reached XP level 10. HP: 27/67 MP: 11/18
 10581 | D:8      | Reached * piety under Cheibriados
 10588 | D:8      | HP: 1/68 [orc wizard/magic dart (6)]
 10630 | D:8      | Slain by a warg

Skill      XL: |  1  2  3  4  5  6  7  8  9 10 |
---------------+-------------------------------+-----
Transmutations | 3 4 5 6 8 |  8.5
Fighting       | 2 3 4 5 |  5.8
Dodging        | 3 4 5 6 |  6.2
Spellcasting   | 3 4 5 |  5.6
Unarmed Combat | 4 5 6 |  6.5

Action                   |  1- 3 |  4- 6 |  7- 9 | 10-12 || total
-------------------------+-------+-------+-------+-------++-------
Melee: Unarmed           |    11 |       |    70 |    24 ||   105
       Constrict         |    16 |    30 |    56 |     6 ||   108
       Dagger            |    15 |       |       |       ||    15
       Tentacles         |     8 |    14 |    52 |     3 ||    77
       Kick              |    12 |    22 |    43 |     3 ||    80
       Spear             |    34 |    48 |       |       ||    82
       Punch             |     1 |       |    12 |     2 ||    15
       Halberd           |       |    94 |   290 |    13 ||   397
 Fire: Blowgun           |       |     4 |       |       ||     4
 Cast: Beastly Appendage |    11 |    20 |    43 |     1 ||    75
       Spider Form       |       |       |     9 |     2 ||    11
       Sticks to Snakes  |       |       |     2 |       ||     2
       Blade Hands       |       |       |     1 |     1 ||     2
Evoke: Wand              |       |       |     1 |       ||     1
  Use: Scroll            |       |     2 |     1 |     1 ||     4
       Potion            |       |       |    10 |     1 ||    11
 Stab: Sleeping          |     1 |    10 |    13 |       ||    24
       Distracted        |       |     1 |       |       ||     1
  Eat: Chunk             |     2 |     1 |     1 |       ||     4
       Ration            |       |     3 |     5 |     1 ||     9
Armor: Skin              |     1 |     4 |    12 |       ||    17
Dodge: Dodged            |    30 |    78 |   233 |    22 ||   363
Block: Other             |       |       |    41 |    10 ||    51
       Reflection        |       |       |     6 |       ||     6
